 Dungeon Crawl Stone Soup version 0.17.1-1-g73c8601 (console) character file.

1511 Kloppie the Cleaver (level 8, -5/79 HPs)
             Began as a Hill Orc Fighter on Dec 14, 2015.
             Was a Believer of Elyvilon.
             Hit by a tomahawk thrown by an orc warrior (13 damage)
             ... on level 6 of the Dungeon.
             The game lasted 00:09:05 (5836 turns).

Kloppie the Cleaver (Hill Orc Fighter)              Turns: 5836, Time: 00:09:05

Health: -5/79      AC: 11    Str: 21    XL:     8   Next: 83%
Magic:  8/8        EV:  7    Int:  8    God:    Elyvilon [**....]
Gold:   146        SH:  9    Dex: 10    Spells: 0 memorised, 7 levels left

rFire  . . .     SeeInvis .     a - +1 war axe
rCold  . . .     Clarity  .     b - +1 scale mail
rNeg   . . .     SustAt   .     c - +0 shield
rPois  +         Gourm    .     (no helmet)
rElec  .         Spirit   .     y - +2 cloak {rPois}
rCorr  .         Warding  .     (no gloves)
rMut   +         Stasis   .     (no boots)
MR     .....                    q - amulet of resist mutation
Stlth  ..........               (no ring)
                                h - ring of flight

@: not resistant to hostile enchantments, extremely unstealthy
A: no striking features
a: Lesser Healing, Heal Other, Divine Protection, Renounce Religion, Evoke
Flight


You were on level 6 of the Dungeon.
You worshipped Elyvilon.
Elyvilon was pleased with you.
You were not hungry.

You visited 1 branch of the dungeon, and saw 6 of its levels.

You collected 326 gold pieces.
You spent 180 gold pieces at shops.

Inventory:

Hand Weapons
 a - a +1 war axe (weapon)
Armour
 b - a +1 scale mail (worn)
 c - a +0 shield (worn)
 y - a +2 cloak of poison resistance (worn)
Jewellery
 h - a ring of flight (left hand)
 q - an amulet of resist mutation (around neck)
Wands
 z - a wand of flame (20)
Scrolls
 g - 3 scrolls of enchant weapon
 i - 2 scrolls of amnesia
 l - 2 scrolls of random uselessness
 p - a scroll of fear {unknown}
 t - 5 scrolls of remove curse
 A - 2 scrolls of teleportation {unknown}
 C - a scroll of identify
Potions
 f - a potion of cure mutation
 j - 6 potions of curing
 m - a potion of cancellation
 o - 4 potions of brilliance
 r - a potion of magic
 s - a potion of degeneration {unknown}
 u - 2 potions of haste {unknown}
 w - a potion of lignification {unknown}
 x - a potion of invisibility {unknown}
 B - a potion of agility {unknown}
Comestibles
 d - a slice of pizza
 e - 3 bread rations
 k - a beef jerky
 n - 2 meat rations
 v - a chunk of flesh


   Skills:
 + Level 9.7 Fighting
 + Level 10.1 Axes
 - Level 3.2 Armour
 - Level 3.2 Shields


You had 7 spell levels left.
You didn't know any spells.

Dungeon Overview and Level Annotations

Branches:
Dungeon (6/15)             Temple (0/1) D:5

Altars:
Ashenzari
Cheibriados
Elyvilon
Fedhas
Nemelex Xobeh
Qazlal
Sif Muna
Trog
The Shining One

Shops:
D:4 *   D:5 (


Message History

The orc wizard casts a spell.
The orc wizard blinks!
The orc warrior hits you with a glaive!!
You barely miss the orc warrior.
The orc warrior is almost dead.
You block the orc warrior's attack.
You hit the orc warrior but do no damage.
The orc warrior is almost dead.
You closely miss the orc warrior.
The orc warrior is almost dead.
The orc warrior hits you with a glaive!
* * * LOW HITPOINT WARNING * * *
You closely miss the orc warrior.
The orc warrior is almost dead.
The orc warrior hits you with a glaive!!
* * * LOW HITPOINT WARNING * * *
The orc warrior hits you from afar with a glaive!
* * * LOW HITPOINT WARNING * * *
The orc warrior throws a tomahawk.
The tomahawk hits you!
You die...

#.. #.#
#.#
###.######
#........#
#.#.####.#
#$# #.#
#.# #.#
#@# #.#
#.# #.#
#.# #.#
#o# #.#
#o# #.#
.o# #.#
### #.#
#.# #.#


You could see an orc warrior and 2 orcs.

Vanquished Creatures
  An orc warrior (D:4)
  An ice beast (D:5)
  A phantom (D:5)
  A centaur (D:6)
  2 ogres (D:5)
  Blork the orc (D:5)
  A giant frog (D:6)
  A scorpion (D:5)
  A crimson imp (D:4)
  3 hounds
  2 orc priests
  4 orc wizards
  A centaur skeleton (D:4)
  2 giant frog skeletons (D:5)
  2 worker ants (D:4)
  A gnoll shaman (D:3)
  2 iguanas (D:5)
  3 adders
  14 gnolls
  3 oozes
  An adder zombie (D:5)
  An adder skeleton (D:5)
  3 worms
  27 orcs
  7 bats
  8 giant cockroaches
  7 hobgoblins
  6 jackals
  3 quokkas
  4 giant geckos
  6 giant newts
  7 goblins
  A goblin skeleton (D:4)
  3 hobgoblin zombies (D:4)
  A jackal skeleton (D:4)
  8 kobolds
  A kobold skeleton (D:4)
  3 kobold zombies (D:4)
  An orc skeleton (D:4)
  2 orc zombies (D:4)
  9 rats
156 creatures vanquished.

Vanquished Creatures (others)
  A fungus (D:4)
1 creature vanquished.

Grand Total: 157 creatures vanquished

Notes
Turn   | Place    | Note
--------------------------------------------------------------
     0 | D:1      | Kloppie the Hill Orc Fighter began the quest for the Orb.
     0 | D:1      | Reached XP level 1. HP: 19/19 MP: 1/1
    48 | D:1      | Reached skill level 4 in Fighting
    48 | D:1      | Reached XP level 2. HP: 27/27 MP: 2/2
   338 | D:1      | Reached XP level 3. HP: 29/34 MP: 3/3
   951 | D:2      | Found a shattered altar of Ashenzari.
  1167 | D:2      | Found a bloodstained altar of Trog.
  1260 | D:2      | Reached XP level 4. HP: 39/41 MP: 4/4
  1298 | D:2      | Found a deep blue altar of Sif Muna.
  1449 | D:2      | Reached skill level 5 in Fighting
  1813 | D:3      | Reached XP level 5. HP: 35/48 MP: 5/5
  1986 | D:3      | Found a white marble altar of Elyvilon.
  1994 | D:3      | Became a worshipper of Elyvilon the Healer
  2056 | D:3      | Found a snail-covered altar of Cheibriados.
  2063 | D:3      | Reached skill level 5 in Axes
  2756 | D:4      | Found a shattered altar of Ashenzari.
  2760 | D:4      | Saw a vision of the Swamp and the Snake Pit.
  2760 | D:4      | Noticed a wasp
  2760 | D:4      | Noticed an alligator
  2760 | D:4      | Noticed a water moccasin
  2760 | D:4      | Noticed an alligator
  2760 | D:4      | Noticed a naga sharpshooter
  2760 | D:4      | Noticed a black mamba
  2760 | D:4      | Noticed a black mamba
  2760 | D:4      | Noticed a shock serpent
  2760 | D:4      | Noticed a naga warrior
  2760 | D:4      | Noticed a black mamba
  2760 | D:4      | Noticed a naga sharpshooter
  2761 | D:4      | Noticed an alligator
  2761 | D:4      | Noticed a naga
  2762 | D:4      | Noticed a naga mage
  2799 | D:4      | Reached skill level 6 in Fighting
  2897 | D:4      | Reached XP level 6. HP: 51/57 MP: 6/6
  3920 | D:4      | Found Wudil's Assorted Antiques.
  3935 | D:4      | Bought a scroll labeled NAUNWO ZE SYFA for 19 gold pieces
  3935 | D:4      | Bought a scroll labeled SATESIK FAHURO for 19 gold pieces
  3935 | D:4      | Bought a scroll labeled NAUNWO ZE SYFA for 19 gold pieces
  3935 | D:4      | Bought a scroll labeled NAUNWO ZE SYFA for 19 gold pieces
  3935 | D:4      | Bought a scroll labeled JETYTW XEINOUF for 19 gold pieces
  3935 | D:4      | Bought a glowing cloak for 85 gold pieces
  3997 | D:4      | Found a glowing golden altar of the Shining One.
  4047 | D:4      | Reached skill level 7 in Fighting
  4047 | D:4      | Reached XP level 7. HP: 63/66 MP: 7/7
  4267 | D:4      | Found a sparkling altar of Nemelex Xobeh.
  4269 | D:4      | Reached * piety under Elyvilon
  4381 | D:5      | Entered Level 5 of the Dungeon
  4483 | D:5      | Found a white marble altar of Elyvilon.
  4484 | D:5      | Found a stormy altar of Qazlal.
  4513 | D:5      | Found a blossoming altar of Fedhas.
  4526 | D:5      | Reached skill level 8 in Fighting
  4621 | D:5      | Found Pois's Antique Weapon Shoppe.
  4624 | D:5      | Found a staircase to the Ecumenical Temple.
  4713 | D:5      | Reached XP level 8. HP: 74/74 MP: 8/8
  4825 | D:5      | Reached skill level 9 in Axes
  4993 | D:5      | Noticed Blork the orc
  5011 | D:5      | Killed Blork the orc
  5222 | D:5      | Reached ** piety under Elyvilon
  5740 | D:6      | Reached skill level 10 in Axes
  5836 | D:6      | Hit by a tomahawk thrown by an orc warrior

Action                   |  1- 3 |  4- 6 |  7- 9 || total
-------------------------+-------+-------+-------++-------
Melee: War axe           |   123 |   261 |   190 ||   574
  Use: Scroll            |       |       |    11 ||    11
       Potion            |       |       |     1 ||     1
  Eat: Chunk             |     1 |     9 |     7 ||    17
